Map: Honorgrounds LE

Players

Railgan - Winner!

  • Race: Zerg Zerg
  • League: Grandmaster
  • Spawn Location: 1:00

TAUREN

  • Race: Zerg Zerg
  • League: Master
  • Spawn Location: 11:00

VOD

Have the link to the VOD?

Description

Time

  • Played on: March 4, 2017, 7:13 p.m.
  • Length: 12:03
Show
View Real Time Build Order
Export as new Build Order

Railgan Zerg - Winner!

Build Orders: Hatch First, Lurkers 

Get SALT Encoding   

  12  0:01  Drone  
  13  0:12  Overlord  
  13  0:17  Drone  
  14  0:30  Drone  
  14  0:31  Drone  
  14  0:34  Drone  
  17  0:45  Drone  
  18  0:56  Hatchery  
  17  1:01  Extractor, Drone  
  17  1:15  Spawning Pool  
  17  1:18  Drone  
  17  1:20  Drone  
  18  1:28  Drone  
  19  1:39  Overlord  
  19  1:51  Drone  
  20  2:02  Queen  
  20  2:03  Zergling x2  
  23  2:09  Queen  
  23  2:13  Spine Crawler  
  23  2:14  Drone  
  23  2:15  Drone  
  26  2:16  Metabolic Boost  
  26  2:21  Drone  
  27  2:29  Drone  
  29  2:30  Drone  
  30  2:37  Queen  
  30  2:40  Baneling Nest  
  30  2:42  Drone  
  32  2:49  Overlord  
  32  2:54  Drone x2  
  32  2:56  Zergling x2  
  35  3:02  Zergling x2  
  36  3:08  Drone  
  36  3:09  Drone  
  36  3:11  Drone  
  38  3:14  Overlord  
  38  3:15  Drone  
  38  3:18  Drone  
  38  3:19  Lair  
  40  3:22  Drone  
  40  3:26  Drone x2  
  43  3:29  Extractor  
  43  3:32  Baneling x2  
  42  3:36  Zergling x4  
  44  3:42  Drone  
  44  3:43  Drone  
  46  3:49  Baneling  
  46  3:51  Drone  
  46  3:52  Drone  
  46  3:53  Drone  
  49  3:56  Extractor, Drone x2, Overlord  
  49  3:58  Zergling x2  
  49  4:00  Drone  
  52  4:03  Baneling x2  
  52  4:13  Spine Crawler  
  52  4:14  Baneling  
  52  4:17  Drone  
  47  4:28  Drone x4  
  47  4:29  Drone x5  
  55  4:37  Hydralisk Den, Drone x2  
  55  4:38  Extractor  
  55  4:49  Zergling x4  
  57  4:56  Hatchery  
  56  5:10  Drone  
  56  5:11  Drone x7  
  56  5:27  Drone x2  
  56  5:28  Drone  
  57  5:30  Drone  
  57  5:31  Lurker Den  
  57  5:34  Hydralisk  
  58  5:41  Hydralisk  
  60  5:45  Baneling  
  60  5:46  Baneling  
  60  5:47  Overlord  
  60  5:49  Evolution Chamber  
  59  5:50  Evolution Chamber  
  59  5:53  Evolution Chamber  
  59  5:54  Overlord  
  59  5:55  Zergling x8  
  60  5:59  Overlord  
  58  6:07  Zergling x4, Queen  
  58  6:08  Zergling x2  
  62  6:17  Hydralisk  
  62  6:19  Zergling x2  
  62  6:20  Zergling x4  
  62  6:21  Hydralisk  
  67  6:28  Zerg Melee Weapons Level 1  
  67  6:30  Drone  
  67  6:32  Hydralisk  
  68  6:35  Baneling x3  
  70  6:42  Queen  
  70  6:43  Queen  
  74  6:49  Baneling  
  74  6:55  Hydralisk x2  
  78  7:03  Lurker  
  78  7:05  Lurker x4  
  78  7:07  Zergling x10  
  88  7:10  Hydralisk  
  88  7:11  Overlord  
  90  7:18  Muscular Augments  
  89  7:30  Hydralisk  
  89  7:36  Zergling x12  
  97  7:38  Overseer  
  97  7:40  Overlord  
  93  7:54  Hydralisk x2  
  93  7:55  Hydralisk  
  87  8:07  Hydralisk  
  87  8:08  Hydralisk x3  
  89  8:25  Drone  
  89  8:26  Drone x4  
  89  8:27  Drone x2  
  95  8:30  Hydralisk x4  
  101  8:35  Hydralisk  
  101  8:38  Lurker  
  101  8:40  Zergling x2  
  105  8:46  Drone  
  105  8:47  Drone x2  
  102  8:54  Zergling x2  
  102  8:55  Zergling x2  
  101  8:57  Zerg Missile Weapons Level 1  
  101  8:58  Drone x2  
  101  8:59  Drone  
  104  9:08  Lurker  
  106  9:10  Zergling x2  
  106  9:15  Hatchery  
  105  9:18  Lurker  
  104  9:26  Zergling x2  
  104  9:28  Zergling x2  
  104  9:29  Zergling x4  
  101  9:33  Zergling x2  
  101  9:34  Zergling x6  
  104  9:40  Zergling x4  
  106  9:47  Overlord  
  106  9:50  Overlord  
  106  9:51  Overlord x2  
  106  9:59  Hydralisk  
  103  10:03  Hydralisk x2  
  95  10:09  Hydralisk x3  
  95  10:10  Hydralisk  
  94  10:14  Queen x2  
  94  10:15  Queen  
  94  10:18  Hydralisk  
  102  10:23  Hydralisk x2  
  106  10:32  Hydralisk  
  106  10:35  Hydralisk  
  104  10:37  Hydralisk  
  104  10:38  Hydralisk x3  
  100  10:46  Zergling x8  
  100  10:47  Zergling x4  
  100  10:48  Lurker  
  100  10:49  Drone  
  108  10:59  Zergling x12  
  108  11:00  Extractor, Lurker  
  108  11:03  Extractor  
  113  11:05  Zergling x2  
  113  11:06  Lurker  
  113  11:09  Hydralisk, Zergling x2  
  113  11:11  Zergling x2  
  119  11:20  Zergling x2  
  115  11:30  Zergling x8  
  115  11:31  Baneling  
  115  11:32  Baneling x6, Hydralisk  
  121  11:33  Zergling x8  
  121  11:34  Zergling x10  
  121  11:38  Overlord  
  121  11:39  Drone  
Show
View Real Time Build Order
Export as new Build Order

TAUREN Zerg 

Build Orders: 3 Hatch before Pool, Zergling Baneling 

Get SALT Encoding   

  12  0:01  Drone  
  13  0:08  Drone  
  14  0:18  Overlord  
  14  0:29  Extractor x2, Drone x2  
  16  0:37  Drone  
  17  0:55  Hatchery  
  16  0:57  Drone  
  16  1:01  Drone  
  18  1:21  Hatchery  
  18  1:24  Drone  
  18  1:27  Drone  
  19  1:40  Spawning Pool  
  19  1:43  Drone  
  19  1:47  Extractor  
  19  1:52  Drone x2  
  20  1:59  Overlord  
  20  2:21  Drone x2  
  22  2:24  Drone x2  
  22  2:27  Queen  
  26  2:30  Queen  
  28  2:38  Baneling Nest  
  28  2:40  Zergling x2  
  28  2:43  Zergling x2  
  29  2:46  Drone  
  29  2:50  Drone  
  31  2:55  Overlord  
  31  2:57  Drone  
  32  3:02  Overlord  
  32  3:09  Metabolic Boost  
  31  3:18  Zergling x6  
  31  3:19  Zergling x2  
  35  3:22  Zergling x2  
  35  3:24  Zergling x2  
  37  3:28  Baneling x2  
  37  3:32  Drone  
  37  3:33  Zergling x2  
  37  3:34  Zergling x2  
  40  3:39  Drone  
  40  3:40  Drone  
  42  3:42  Drone  
  42  3:46  Baneling x2  
  42  3:47  Drone  
  44  3:49  Drone  
  44  3:52  Drone  
  44  3:54  Drone  
  47  3:59  Overlord  
  47  4:08  Drone  
  47  4:09  Drone x2  
  50  4:14  Overlord  
  50  4:18  Zergling x2  
  50  4:19  Zergling x8  
  50  4:23  Zergling x4  
  56  4:27  Zergling x4  
  56  4:29  Zergling x2  
  58  4:33  Baneling x5  
  58  4:35  Drone x2  
  60  4:39  Queen  
  62  4:48  Zergling x2  
  62  4:49  Zergling x6  
  66  5:01  Overlord  
  65  5:11  Baneling x2  
  65  5:12  Zergling x2  
  65  5:13  Zergling x2  
  65  5:14  Overlord x3  
  65  5:28  Zergling x8  
  68  5:30  Zergling x4  
  68  5:31  Zergling x4  
  68  5:33  Zergling x2  
  69  5:37  Zergling x2  
  70  5:44  Drone x2  
  70  5:45  Lair  
  70  5:47  Roach Warren, Drone x2  
  70  5:48  Drone  
  69  6:00  Zergling x12  
  73  6:09  Zergling x6  
  65  6:11  Zergling x2  
  65  6:17  Zergling x8  
  70  6:21  Zergling x2  
  70  6:23  Zergling x6  
  67  6:26  Drone x2  
  67  6:31  Evolution Chamber  
  67  6:33  Drone, Evolution Chamber  
  67  6:37  Drone x2  
  68  6:43  Glial Reconstitution  
  68  6:45  Roach  
  70  6:48  Drone x2, Hatchery  
  70  6:53  Zergling x2  
  72  6:55  Zergling x4  
  72  6:58  Hatchery  
  72  6:59  Zergling x4  
  74  7:04  Overlord x3  
  74  7:06  Zergling x2  
  74  7:08  Overlord x2  
  75  7:09  Extractor, Roach x2  
  75  7:12  Zerg Missile Weapons Level 1  
  78  7:16  Extractor  
  78  7:17  Extractor x2, Drone  
  78  7:22  Baneling  
  76  7:23  Drone x2  
  76  7:32  Drone x4  
  76  7:33  Drone x2  
  76  7:36  Drone x3  
  85  7:42  Roach  
  87  7:47  Roach  
  83  7:51  Roach x2  
  83  7:52  Roach x3  
  83  7:56  Roach  
  86  8:01  Roach  
  86  8:02  Zergling x8  
  89  8:10  Roach  
  89  8:12  Overseer  
  86  8:13  Roach x2  
  86  8:15  Roach  
  86  8:16  Roach  
  89  8:20  Roach  
  89  8:24  Roach  
  89  8:25  Roach  
  93  8:27  Zergling x6  
  93  8:29  Zergling x2  
  93  8:33  Zergling x2  
  93  8:34  Zergling x2  
  94  8:36  Zergling x2  
  94  8:42  Drone x2  
  94  8:44  Drone  
  94  8:47  Drone  
  96  8:53  Drone  
  96  8:54  Drone  
  96  8:59  Roach  
  98  9:09  Roach x2  
  102  9:12  Overlord  
  102  9:13  Drone  
  103  9:19  Drone x3  
  103  9:24  Roach  
  104  9:26  Roach x2  
  104  9:29  Roach  
  101  9:32  Roach  
  101  9:37  Roach x2  
  105  9:44  Ravager x4  
  105  9:45  Ravager  
  109  9:46  Roach, Zergling x4  
  109  9:47  Zergling x4  
  110  9:53  Roach x2  
  110  9:54  Roach  
  111  10:02  Roach  
  111  10:05  Roach x3  
  98  10:08  Roach x2  
  98  10:10  Roach x2  
  98  10:14  Roach  
  85  10:16  Roach  
  85  10:17  Zergling x4  
  87  10:21  Overseer  
  87  10:23  Zergling x4  
  87  10:26  Zergling x6  
  88  10:32  Zergling x8  
  87  10:36  Zergling x4  
  87  10:37  Zergling x2  
  87  10:42  Zergling x4  
  83  10:45  Roach  
  83  10:47  Roach  
  87  10:50  Roach  
  87  10:52  Roach  
  87  10:54  Roach  
  92  10:57  Roach  
  92  10:59  Overlord  
  92  11:00  Overseer  
  94  11:04  Ravager x3  
  94  11:05  Ravager  
  94  11:06  Zergling x2  
  94  11:07  Zergling x2  
  94  11:10  Roach  
  102  11:11  Roach  
  102  11:16  Roach x2  
  109  11:18  Roach  
  101  11:27  Roach  
  101  11:28  Roach x2  
  101  11:30  Roach x2  
  109  11:33  Roach  
  109  11:34  Roach  
  109  11:37  Roach  
  109  11:38  Roach  
Tags
 
Add a new tag
Caveats
  • Supply blocks, unpowered buildings, or Contaminate may cause inaccurate times.
  • Supply counts are checked every 10 seconds.